 Dungeon Crawl Stone Soup version 0.21-a0-278-ga722497 (webtiles) character file.

77 vishdafish the Skirmisher (level 4, -2/35 HPs)
             Began as a Demonspawn Fighter on Sept 21, 2017.
             Killed by divine providence
             ... invoked by an orc priest
              (12 damage)
             ... on level 3 of the Dungeon.
             The game lasted 00:03:25 (2205 turns).

vishdafish the Skirmisher (Demonspawn Fighter)      Turns: 2205, Time: 00:03:26

Health: -2/35      AC: 14    Str: 18    XL:     4   Next: 14%
Magic:  4/4        EV:  4    Int:  9    God:
Gold:   117        SH:  9    Dex: 12    Spells: 3/3 levels left

rFire    . . .     SeeInvis .   k - +1 dagger (speed)
rCold    . . .     Gourm    .   c - +0 shield
rNeg     . . .     Faith    .   b - +0 scale mail
rPois    .         Spirit   .   p - +1 helmet
rElec    .         Reflect  .   (no cloak)
rCorr    .         Harm     .   o - +0 pair of gloves
MR       .....                  (no boots)
Stlth    ..........             (no amulet)
HPRegen  0.11/turn              g - -3 ring of slaying (curse)
MPRegen  0.09/turn              (no ring)

@: constricted
A: iridescent scales 2
a: no special abilities


You were on level 3 of the Dungeon.
You were not hungry.

You visited 1 branch of the dungeon, and saw 3 of its levels.

You collected 117 gold pieces.

Inventory:

Hand Weapons
 a - a +0 rapier
 k - a +1 dagger of speed (weapon)
Armour
 b - a +0 scale mail (worn)
 c - a +0 shield (worn)
 o - a +0 pair of gloves (worn)
 p - a +1 helmet (worn)
Jewellery
 g - a cursed -3 ring of slaying (left hand)
Scrolls
 h - a scroll of amnesia
Potions
 d - a potion of might
 e - a potion of haste
 l - a potion of agility {unknown}
 m - 3 potions of curing {unknown}
Comestibles
 f - 2 bread rations
 i - 2 meat rations
 j - a royal jelly


   Skills:
 + Level 3.4 Fighting
 * Level 2.9 Short Blades
 + Level 3.1 Armour
 - Level 0.5 Dodging
 + Level 3.0 Shields


You had 3 spell levels left.
You didn't know any spells.

Dungeon Overview and Level Annotations

Branches:
Dungeon (3/15)

Altars:


Innate Abilities, Weirdness & Mutations

You are mostly covered in iridescent scales. (AC +4)


Message History

* * * LOW HITPOINT WARNING * * *
The orc priest begins to cast a cantrip, but forgets the words!
You hear some strange, mumbled words.
You are confused.
You bump into the rock wall.
You bump into the rock wall.
The ball python barely misses you. The ball python grabs you.
The ball python constricts you.
You hear some strange, mumbled words.
Something tries to affect you, but you resist.
You escape the ball python's grasp.
You feel less confused. You block the ball python's attack.
The ball python grabs you. The ball python constricts you.
There is an escape hatch in the ceiling here.
The ball python's grasp on you weakens, but your attempt to escape fails.
The ball python bites you but does no damage.
The ball python constricts you.
The orc priest mumbles some strange prayers to Beogh against you.
Beogh smites you!
You die...

.# ....# #...# #### .# #>..#
#...# ## .# ##...# #...# ##. .#
#....# #...# #.. #######....##
##...####### #..
†.......†...######..........###..
................##..........#...#
............###.##........>...###
##############..@................
.>....lS................
#.....#.................
#.....#o................
#.....#.o...........####
#.....#o............# #
##.....#.............# # ##
#........#...........# # ..
#.......###..........# #


You could see an orc priest, 2 orcs, a leopard gecko and a ball python.

Vanquished Creatures
  An adder (D:3)
  An ooze (D:2)
  A worm (D:3)
  2 dart slugs (D:2)
  3 leopard geckos
  2 orcs (D:3)
  5 bats
  5 giant cockroaches
  4 goblins
  6 hobgoblins
  2 quokkas
  5 ball pythons
  6 kobolds
  5 rats
48 creatures vanquished.

Notes
Turn   | Place    | Note
-------+----------+-------------------------------------------
     0 | D:1      | vishdafish the Demonspawn Fighter began the quest for the Orb.
     0 | D:1      | Reached XP level 1. HP: 18/18 MP: 1/1
   105 | D:1      | You fall through a shaft!
   129 | D:2      | Gained mutation: You are partially covered in iridescent scales. (AC +2) [demonic ancestry]
   129 | D:2      | Reached XP level 2. HP: 24/24 MP: 2/2
   404 | D:1      | Gained mutation: You are mostly covered in iridescent scales. (AC +4) [demonic ancestry]
   404 | D:1      | Reached XP level 3. HP: 24/29 MP: 3/3
  2046 | D:3      | Reached XP level 4. HP: 21/35 MP: 4/4
  2205 | D:3      | Killed from afar by an orc priest

Vault maps used:
D:1:      co_arrival_random_square_maze
D:2:      first_bread
D:3:      serial_co_window_serial, co_window_paths_a,
          co_window_of_opportunity_a, co_window_paths_a, co_window_paths_b,
          co_window_cross_1, co_window_of_opportunity_a,
          co_window_of_opportunity_a, co_window_paths_b, co_window_paths_b,
          co_window_unsneaky_path_c, co_window_broadway_a, co_window_corner_b,
          co_window_unsneaky_path_a, co_window_broadway_b

Skill      XL: |  1  2  3 |
---------------+----------+-----
Short Blades   | 2 |  2.9
Armour         | 3 |  3.1
Shields        | 3 |  3.0
Fighting       | |  3.4
Dodging        | |  0.5

Action                   |  1- 3 |  4- 6 || total
-------------------------+-------+-------++-------
Melee: Rapier            |   162 |       ||   162
       Dagger            |   219 |     5 ||   224
  Use: Scroll            |     5 |       ||     5
  Eat: Chunk             |     4 |     1 ||     5
Armor: Scale mail        |   137 |     4 ||   141
Dodge: Dodged            |    83 |     1 ||    84
Block: Shield            |   142 |     2 ||   144

Table legend:
 A = Spawn XP
 B = Non-spawn XP
 C = Spawn XP percentage of total XP
 D = Spawn monster count
 E = Non-spawn monster count
 F = Spawn count percentage of total count
 G = Total turns spent on level
                    A         B        C        D         E        F      G
               +---------+---------+-------+---------+---------+-------+---------
         Total |       0 |     111 |   0.0 |       0 |      48 |   0.0 |  2205
               +---------+---------+-------+---------+---------+-------+---------
           D:1 |       0 |      27 |   0.0 |       0 |      16 |   0.0 |   756
           D:2 |       0 |      44 |   0.0 |       0 |      21 |   0.0 |   891
           D:3 |       0 |      40 |   0.0 |       0 |      11 |   0.0 |   558
               +---------+---------+-------+---------+---------+-------+---------
